 Dungeon Crawl Stone Soup version 0.29.0-4-gdea44cf6ec (webtiles) character file.

Game seed: 9773054752762096854

13897 qw the Severer (level 11, -6/98 (102) HPs)
             Began as a Minotaur Fighter on Sept 6, 2022.
             Was a Follower of Ru.
             Mangled by a minotaur
             ... wielding a +4 dire flail of holy wrath
              (15 damage)
             ... in a Gauntlet.
             The game lasted 00:05:18 (13540 turns).

qw the Severer (Minotaur Fighter)                  Turns: 13540, Time: 00:05:19

HP:   -6/98 (102)   AC: 22    Str: 25    XL:     11   Next: 81%
MP:   10/10         EV:  8    Int:  5    God:    Ru [*.....]
Gold: 275           SH:  5    Dex: 10    Spells: 10/10 levels left

rFire   . . .      SeeInvis .   Y - +3 war axe (venom)
rCold   . . .      Faith    .   c - +0 buckler
rNeg    . . .      Spirit   .   v - +1 plate armour
rPois   +          Reflect  .   e - +2 hat
rElec   .          Harm     .   i - +1 cloak {Will+}
rCorr   .          Rampage  .   (no gloves)
Will    .....      NoTele   +   l - +2 pair of boots
Stlth   ..........              (no amulet)
HPRegen 0.26/turn               b - ring of poison resistance
MPRegen 0.12/turn               f - +4 ring of slaying {mikee}

@: lightly drained
A: horns 2, weak-willed 1, retaliatory headbutt
a: Renounce Religion


You were in a Gauntlet.
You worshipped Ru.
Ru was aware of your devotion.
You visited 2 branches of the dungeon, and saw 12 of its levels.
You also visited: Gauntlet.

You collected 477 gold pieces.
You spent 202 gold pieces at shops.


Innate Abilities, Weirdness & Mutations

You have a pair of horns on your head.
You are slightly weak-willed. (Will-)
You reflexively headbutt those who attack you in melee.


   Skills:
 - Level 11.0 Fighting
 - Level 17.0 Axes
 - Level 1.4 Throwing
 + Level 9.0 Armour
 - Level 3.7 Dodging
 - Level 7.1 Shields


You had 10 spell levels left.
You didn't know any spells.
Your spell library was empty.

Inventory:

Hand Weapons
 g - a +1 morningstar of draining
 Y - a +3 war axe of venom (weapon)
Armour
 c - a +0 buckler (worn)
 e - a +2 hat (worn)
 i - a +1 cloak of willpower (worn)
 l - a +2 pair of boots (worn)
 v - a +1 plate armour (worn)
Jewellery
 a - a ring of protection from cold
 b - a ring of poison resistance (left hand)
 f - a +4 ring of slaying (right hand) {mikee}
 k - a ring of poison resistance
 q - a ring of willpower
Scrolls
 h - 2 scrolls of teleportation
 p - 5 scrolls of identify
Potions
 d - a potion of might
 j - 3 potions of mutation
 n - 2 potions of cancellation
 o - a potion of resistance
 r - 2 potions of haste
 t - 5 potions of curing

Dungeon Overview and Level Annotations

Branches:
Dungeon (11/15)            Temple (1/1) D:4            Lair (0/5) D:9
    Orc (0/2) D:9         Gauntlet (1/1)

Altars:
Ashenzari
Cheibriados
Dithmenos
Elyvilon
Fedhas
Gozag
Hepliaklqana
Kikubaaqudgha
Makhleb
Nemelex Xobeh
Okawaru
Qazlal
Ru
Sif Muna
Trog
Uskayaw
Vehumet
Wu Jian
Xom
Yredelemnul
Zin
The Shining One

Shops:
D:5 *   D:6 *   D:8 *

Annotations:
D:6 2 transporters, qw's ghost, novice GrBe
D:7 1 runed translucent door, Crazy Yiuf Gauntlet 8 transporters


Message History

The minotaur bellows!
The minotaur throws a silver javelin.
The silver javelin pierces through you!
Found a thick glowing staff.
Found a gate leading back out of this place.
The minotaur throws a silver javelin.
The silver javelin pierces through you.
You hit the minotaur but do no damage.
The minotaur is poisoned.
You headbutt the minotaur, but do no damage.
The minotaur hits you with a +4 dire flail of holy wrath!
The minotaur completely misses you.
You hit the minotaur but do no damage.
The minotaur looks as sick as possible!
The minotaur is lightly wounded.
The minotaur hits you with a +4 dire flail of holy wrath!
The minotaur completely misses you.
You slash the minotaur!
The minotaur looks as sick as possible!
Your headbutt misses the minotaur.
The minotaur is lightly wounded.
The minotaur hits you with a +4 dire flail of holy wrath!
The minotaur gores you but does no damage.
You slash the minotaur!
The minotaur looks as sick as possible!
The minotaur is moderately wounded.
You barely miss the minotaur.
The minotaur furiously retaliates!
The minotaur headbutts you, but does no damage.
You headbutt the minotaur.
The minotaur is moderately wounded.
The minotaur hits you but does no damage.
The minotaur gores you but does no damage.
You slash the minotaur!
The minotaur looks as sick as possible!
The minotaur is heavily wounded.
The minotaur hits you with a +4 dire flail of holy wrath!
The minotaur barely misses you.
You slash the minotaur!
The minotaur looks as sick as possible!
Your headbutt misses the minotaur.
The minotaur is severely wounded.
The minotaur hits you with a +4 dire flail of holy wrath!
The minotaur gores you!
You slash the minotaur!
You headbutt the minotaur, but do no damage.
The minotaur is severely wounded.
The minotaur hits you with a +4 dire flail of holy wrath!
You die...

#~..#=.P. ######
##..#!#.# ####
#....#####ยค..#....
#....##.##....###..#####
# #....##.##..##.......
#..##.##....##...#..#####
#....##.##......#..###..
#.##....##.##.^.#8.####.
. ####@...##...#..#..^.
#\...H.##....^.#\.#^#.^
######.##.##...#..#.##)
#....##.^.#8.#.##.
#.##......#..#....
..##.##...#..##### #..
#..##....... #.#
...###..##### ###
#~..#h...


You could see a minotaur (extremely poisoned).

Vanquished Creatures
  Josephine (D:10)
  A two-headed ogre (D:10)
  2 catoblepae (Gauntlet)
  A sixfirhy (Gauntlet)
  Pikel (D:4)
  A wolf spider (D:11)
  2 gargoyles (Gauntlet)
  A molten gargoyle (Gauntlet)
  Maggie (D:7)
  A yaktaur (D:11)
  A kobold demonologist (D:10)
  7 trolls
  Sigmund (D:4)
  5 wyverns
  A vampire (D:11)
  5 wraiths
  Eustachio (D:5)
  3 vampire mosquitoes (D:11)
  6 water moccasins
  Duvessa (D:7)
  An acid dragon (D:11)
  3 black bears
  6 orc warriors
  3 ice beasts
  A sky beast (D:6)
  2 ogres
  A centaur (D:9)
  3 lemures (D:4)
  A phantom (D:4)
  3 bullfrogs
  9 kobold brigands
  A necrophage (D:4)
  A gnoll sergeant (D:9)
  A scorpion (D:5)
  4 wights (D:10)
  Dowan (D:7)
  4 killer bees (D:10)
  5 hounds
  5 orc priests
  A jelly (D:5)
  2 iguanas
  Jessica (D:2)
  Ijyb (D:3)
  A gnoll bouda (D:5)
  Natasha (thrice) (D:2)
  7 orc wizards
  7 adders
  8 gnolls
  5 ufetubi
  A worm (D:2)
  6 dart slugs
  46 orcs
  3 endoplasms
  3 giant cockroaches
  10 goblins
  8 hobgoblins
  7 jackals
  25 kobolds
  4 quokkas
  8 ball pythons
  6 bats
  2 rats
263 creatures vanquished.

Notes
Turn   | Place    | Note
-------+----------+-------------------------------------------
     0 | D:1      | qw the Minotaur Fighter began the quest for the Orb.
     0 | D:1      | Reached XP level 1. HP: 19/19 MP: 0/0
     0 | D:1      | 0 ||| qw: Version: 0.1-a-108-g9e35731
     0 | D:1      | 0 ||| qw: Game counter: 6191
     0 | D:1      | 0 ||| qw: Always use a shield: true
     0 | D:1      | 0 ||| qw: God list: Ru
     0 | D:1      | 0 ||| qw: Allow faded altars: false
     0 | D:1      | 0 ||| qw: Do Orc after D:15 true
     0 | D:1      | 0 ||| qw: Do second Lair branch before Depths: true
     0 | D:1      | 0 ||| qw: Lair rune preference: random
     0 | D:1      | 0 ||| qw: Plans: Normal
     0 | D:1      | 0 ||| PLANNING D:1-11
    14 | D:1      | 14 ||| Stepping ~*~*~tactically~*~*~ (hiding).
    17 | D:1      | 17 ||| Stepping ~*~*~tactically~*~*~ (hiding).
   181 | D:1      | 181 ||| Stepping ~*~*~tactically~*~*~ (hiding).
   190 | D:1      | Reached skill level 3 in Axes
   328 | D:1      | Reached XP level 2. HP: 26/26 MP: 1/1
   389 | D:1      | 389 ||| DROPPING +0 club.
   853 | D:1      | Reached skill level 4 in Axes
   919 | D:1      | 919 ||| UPGRADING to +4 ring of slaying {mikee}.
   920 | D:1      | 920 ||| READING scroll labelled SULARU NAPHOTUP.
   921 | D:1      | 921 ||| READING scroll labelled JOUH IXIWNIEK.
   944 | D:2      | 944 ||| STAIRDANCE
  1091 | D:2      | 1091 ||| Stepping ~*~*~tactically~*~*~ (stealth).
  1092 | D:2      | 1092 ||| Stepping ~*~*~tactically~*~*~ (stealth).
  1100 | D:2      | 1100 ||| Stepping ~*~*~tactically~*~*~ (stealth).
  1107 | D:2      | Reached XP level 3. HP: 31/31 MP: 2/2
  1166 | D:2      | Found a sparkling altar of Nemelex Xobeh.
  1274 | D:2      | Noticed Jessica
  1279 | D:2      | Killed Jessica
  1280 | D:2      | Reached skill level 5 in Axes
  1280 | D:2      | Reached XP level 4. HP: 39/39 MP: 3/3
  1296 | D:2      | Noticed Natasha
  1297 | D:2      | 1297 ||| Stepping ~*~*~tactically~*~*~ (hiding).
  1305 | D:2      | Killed Natasha
  1306 | D:2      | Reached skill level 1 in Dodging
  1477 | D:2      | Noticed Natasha
  1478 | D:2      | 1478 ||| Stepping ~*~*~tactically~*~*~ (stealth).
  1479 | D:2      | 1479 ||| Stepping ~*~*~tactically~*~*~ (stealth).
  1486 | D:2      | Killed Natasha
  1998 | D:2      | Reached XP level 5. HP: 45/45 MP: 4/4
  2026 | D:2      | Noticed Natasha
  2032 | D:2      | Killed Natasha
  2033 | D:2      | Reached skill level 6 in Axes
  2081 | D:2      | 2081 ||| UPGRADING to +1 hat.
  2086 | D:2      | 2086 ||| UPGRADING to +2 ring mail of fire resistance.
  2096 | D:2      | 2096 ||| DROPPING +0 scale mail.
  2097 | D:2      | 2097 ||| UPGRADING to +0 pair of boots.
  2102 | D:2      | 2102 ||| DROPPING ring of wizardry.
  2103 | D:2      | 2103 ||| UPGRADING to ring of protection from cold.
  2104 | D:2      | 2104 ||| READING scroll labelled OGOGOBR CEMAS.
  2125 | D:3      | 2125 ||| Stepping ~*~*~tactically~*~*~ (stealth).
  2138 | D:3      | 2138 ||| Stepping ~*~*~tactically~*~*~ (stealth).
  2250 | D:3      | Found a faded altar of an unknown god.
  2413 | D:3      | 2413 ||| Stepping ~*~*~tactically~*~*~ (stealth).
  2459 | D:3      | Noticed Ijyb
  2466 | D:3      | Killed Ijyb
  2580 | D:3      | 2580 ||| Stepping ~*~*~tactically~*~*~ (stealth).
  2583 | D:3      | 2583 ||| Stepping ~*~*~tactically~*~*~ (stealth).
  2585 | D:3      | 2585 ||| Stepping ~*~*~tactically~*~*~ (stealth).
  2587 | D:3      | 2587 ||| Stepping ~*~*~tactically~*~*~ (stealth).
  2589 | D:3      | Reached skill level 7 in Axes
  3053 | D:3      | 3053 ||| UPGRADING to +0 chain mail.
  3063 | D:3      | 3063 ||| READING scroll labelled LIMEMM WYDIFI.
  3064 | D:3      | 3064 ||| READING scroll labelled POLECO UMMITHRO.
  3071 | D:4      | Noticed a phantom
  3075 | D:4      | Killed a phantom
  3076 | D:4      | Reached XP level 6. HP: 53/53 MP: 5/5
  3093 | D:4      | Noticed a water moccasin
  3106 | D:4      | Killed a water moccasin
  3355 | D:4      | Reached skill level 8 in Axes
  3437 | D:4      | Noticed Pikel
  3438 | D:4      | 3438 ||| Stepping ~*~*~tactically~*~*~ (hiding).
  3449 | D:4      | HP: 11/53 [Pikel/+0 whip of freezing (6)]
  3450 | D:4      | HP: 3/53 [lemure[Pikel] (5)]
  3452 | D:4      | Killed Pikel
  3453 | D:4      | Reached skill level 10 in Axes
  3453 | D:4      | Reached XP level 7. HP: 3/60 MP: 6/6
  3465 | D:4      | 3465 ||| FLEEEEING.
  3466 | D:4      | 3466 ||| FLEEEEING.
  3470 | D:4      | 3470 ||| FLEEEEING.
  3471 | D:4      | 3471 ||| FLEEEEING.
  3472 | D:4      | 3472 ||| FLEEEEING.
  3473 | D:4      | 3473 ||| FLEEEEING.
  3474 | D:4      | 3474 ||| FLEEEEING.
  3475 | D:4      | 3475 ||| FLEEEEING.
  3476 | D:4      | 3476 ||| FLEEEEING.
  3477 | D:4      | 3477 ||| FLEEEEING.
  3478 | D:4      | 3478 ||| FLEEEEING.
  3479 | D:4      | 3479 ||| FLEEEEING.
  3480 | D:4      | 3480 ||| FLEEEEING.
  3481 | D:4      | 3481 ||| FLEEEEING.
  3482 | D:4      | 3482 ||| FLEEEEING.
  3483 | D:4      | 3483 ||| FLEEEEING.
  3484 | D:4      | 3484 ||| FLEEEEING.
  3485 | D:4      | 3485 ||| FLEEEEING.
  3486 | D:4      | 3486 ||| FLEEEEING.
  3487 | D:4      | 3487 ||| FLEEEEING.
  3488 | D:4      | 3488 ||| FLEEEEING.
  3489 | D:4      | 3489 ||| FLEEEEING.
  3491 | D:4      | 3491 ||| FLEEEEING.
  3492 | D:4      | 3492 ||| FLEEEEING.
  3493 | D:4      | 3493 ||| FLEEEEING.
  3494 | D:4      | 3494 ||| FLEEEEING.
  3495 | D:4      | 3495 ||| FLEEEEING.
  3496 | D:4      | 3496 ||| FLEEEEING.
  3497 | D:4      | 3497 ||| FLEEEEING.
  3498 | D:4      | 3498 ||| FLEEEEING.
  3499 | D:4      | 3499 ||| FLEEEEING.
  3500 | D:4      | 3500 ||| FLEEEEING.
  3501 | D:4      | 3501 ||| FLEEEEING.
  3502 | D:4      | 3502 ||| FLEEEEING.
  3503 | D:4      | 3503 ||| FLEEEEING.
  3504 | D:4      | 3504 ||| FLEEEEING.
  3505 | D:4      | 3505 ||| FLEEEEING.
  3506 | D:4      | 3506 ||| FLEEEEING.
  3507 | D:4      | 3507 ||| FLEEEEING.
  3508 | D:4      | 3508 ||| FLEEEEING.
  3509 | D:4      | 3509 ||| FLEEEEING.
  3510 | D:4      | 3510 ||| FLEEEEING.
  3511 | D:4      | 3511 ||| FLEEEEING.
  3512 | D:4      | 3512 ||| FLEEEEING.
  3513 | D:4      | 3513 ||| FLEEEEING.
  3514 | D:4      | 3514 ||| FLEEEEING.
  3515 | D:4      | 3515 ||| FLEEEEING.
  3516 | D:4      | 3516 ||| FLEEEEING.
  3517 | D:4      | 3517 ||| FLEEEEING.
  3518 | D:4      | 3518 ||| FLEEEEING.
  3519 | D:4      | 3519 ||| FLEEEEING.
  3520 | D:4      | 3520 ||| FLEEEEING.
  3521 | D:4      | 3521 ||| FLEEEEING.
  3522 | D:4      | 3522 ||| FLEEEEING.
  3523 | D:4      | 3523 ||| FLEEEEING.
  3524 | D:4      | 3524 ||| FLEEEEING.
  3525 | D:4      | 3525 ||| FLEEEEING.
  3526 | D:4      | 3526 ||| FLEEEEING.
  3527 | D:4      | 3527 ||| STAIRDANCE
  3830 | D:4      | 3830 ||| Stepping ~*~*~tactically~*~*~ (hiding).
  4037 | D:4      | 4037 ||| Stepping ~*~*~tactically~*~*~ (stealth).
  4040 | D:4      | 4040 ||| Stepping ~*~*~tactically~*~*~ (stealth).
  4041 | D:4      | 4041 ||| Stepping ~*~*~tactically~*~*~ (stealth).
  4042 | D:4      | 4042 ||| Stepping ~*~*~tactically~*~*~ (stealth).
  4053 | D:4      | Reached XP level 8. HP: 62/69 MP: 7/7
  4158 | D:4      | Found a staircase to the Ecumenical Temple.
  4159 | D:4      | 4159 ||| PLANNING TEMPLE
  4159 | D:4      | 4159 ||| READING scroll labelled TEORAO FIUG XOAR.
  4160 | D:4      | 4160 ||| READING 3 scrolls labelled OGASEKL KIOL.
  4161 | D:4      | 4161 ||| READING 2 scrolls of enchant armour.
  4161 | D:4      | 4161 ||| ENCHANTING +1 hat.
  4162 | D:4      | 4162 ||| READING scroll of enchant armour.
  4162 | D:4      | 4162 ||| ENCHANTING +0 pair of boots.
  4163 | D:4      | 4163 ||| DRINKING 2 glowing pink potions.
  4264 | D:4      | 4264 ||| DRINKING 2 smoky grey potions.
  4265 | D:4      | 4265 ||| DROPPING potion of ambrosia.
  4266 | D:4      | 4266 ||| DROPPING potion of flight.
  4283 | D:4      | Reached skill level 6 in Fighting
  4374 | D:4      | Noticed Sigmund
  4416 | D:4      | Killed Sigmund
  4417 | D:4      | Reached skill level 11 in Axes
  4541 | Temple   | Entered the Ecumenical Temple
  4706 | Temple   | 4706 ||| PLANNING D:1-11
  5136 | D:5      | Entered Level 5 of the Dungeon
  5141 | D:5      | 5141 ||| Stepping ~*~*~tactically~*~*~ (stealth).
  5146 | D:5      | 5146 ||| Stepping ~*~*~tactically~*~*~ (stealth).
  5226 | D:5      | 5226 ||| Stepping ~*~*~tactically~*~*~ (stealth).
  5252 | D:5      | 5252 ||| READING scroll of enchant armour.
  5252 | D:5      | 5252 ||| ENCHANTING +1 pair of boots.
  5348 | D:5      | Noticed Eustachio
  5370 | D:5      | Killed Eustachio
  5403 | D:5      | 5403 ||| Stepping ~*~*~tactically~*~*~ (stealth).
  5404 | D:5      | 5404 ||| Stepping ~*~*~tactically~*~*~ (stealth).
  5522 | D:5      | Reached skill level 12 in Axes
  5736 | D:5      | Found Qaemm's Assorted Antiques.
  5744 | D:5      | 5744 ||| BUYING murky blue potion (28 gold).
  5744 | D:5      | Bought a murky blue potion for 28 gold pieces
  5744 | D:5      | 5744 ||| BUYING scroll labelled FOIPITT LOAFI (32 gold).
  5744 | D:5      | Bought a scroll labelled FOIPITT LOAFI for 32 gold pieces
  5744 | D:5      | 5744 ||| BUYING scroll of identify (64 gold).
  5744 | D:5      | Bought a scroll of identify for 64 gold pieces
  5744 | D:5      | 5744 ||| BUYING smoky brown potion (28 gold).
  5744 | D:5      | Bought a smoky brown potion for 28 gold pieces
  5932 | D:5      | 5932 ||| DROPPING ring of flight.
  5933 | D:5      | 5933 ||| READING scroll labelled FOIPITT LOAFI.
  5934 | D:5      | 5934 ||| READING scroll labelled YXECHA QOGROBA.
  5935 | D:5      | 5935 ||| DRINKING 3 smoky brown potions.
  5936 | D:5      | 5936 ||| READING 4 scrolls of identify.
  5936 | D:5      | 5936 ||| IDENTIFYING fizzy ruby potion
  5937 | D:5      | 5937 ||| READING 3 scrolls of identify.
  5937 | D:5      | 5937 ||| IDENTIFYING glowing amethyst potion
  5938 | D:5      | 5938 ||| READING 2 scrolls of identify.
  5938 | D:5      | 5938 ||| IDENTIFYING ruby potion
  5939 | D:5      | 5939 ||| DROPPING potion of invisibility.
  5940 | D:5      | 5940 ||| DROPPING potion of attraction.
  5941 | D:5      | 5941 ||| Stepping randomly (stuck).
  5942 | D:5      | 5942 ||| Stepping ~*~*~tactically~*~*~ (cloud).
  6134 | D:6      | Reached XP level 9. HP: 71/79 MP: 8/8
  6148 | D:6      | 6148 ||| FLEEEEING.
  6149 | D:6      | 6149 ||| FLEEEEING.
  6234 | D:6      | 6234 ||| Stepping ~*~*~tactically~*~*~ (stealth).
  6235 | D:6      | 6235 ||| Stepping ~*~*~tactically~*~*~ (stealth).
  6239 | D:6      | 6239 ||| Stepping ~*~*~tactically~*~*~ (stealth).
  6251 | D:6      | 6251 ||| SWAPPING to +1 war axe of venom.
  6259 | D:6      | 6259 ||| DROPPING +1 war axe.
  6261 | D:6      | 6261 ||| Stepping ~*~*~tactically~*~*~ (hiding).
  6262 | D:6      | 6262 ||| Stepping ~*~*~tactically~*~*~ (hiding).
  6286 | D:6      | Found Ipren's Assorted Antiques.
  6295 | D:6      | 6295 ||| SHOPLISTING potion of heal wounds (125 gold, have
                  | 59).
  6295 | D:6      | 6295 ||| BUYING scroll labelled ELUXUMMOMM (25 gold).
  6295 | D:6      | Bought a scroll labelled ELUXUMMOMM for 25 gold pieces
  6295 | D:6      | 6295 ||| BUYING scroll labelled HEHERCH RIUSHRU (25 gold).
  6295 | D:6      | Bought a scroll labelled HEHERCH RIUSHRU for 25 gold pieces
  6295 | D:6      | 6295 ||| SHOPLISTING scroll of identify (50 gold, have 9).
  6463 | D:6      | Found a transporter.
  6464 | D:6      | Noticed a two-headed ogre
  6465 | D:6      | 6465 ||| Stepping ~*~*~tactically~*~*~ (stealth).
  6469 | D:6      | 6469 ||| Stepping ~*~*~tactically~*~*~ (stealth).
  6475 | D:6      | 6475 ||| FLEEEEING.
  6481 | D:6      | 6481 ||| FLEEEEING.
  6482 | D:6      | 6482 ||| FLEEEEING.
  6483 | D:6      | 6483 ||| FLEEEEING.
  6484 | D:6      | 6484 ||| FLEEEEING.
  6485 | D:6      | 6485 ||| FLEEEEING.
  6486 | D:6      | 6486 ||| FLEEEEING.
  6618 | D:6      | 6618 ||| READING scroll of enchant weapon.
  6618 | D:6      | 6618 ||| ENCHANTING +1 war axe of venom.
  6661 | D:6      | Found a transporter.
  6661 | D:6      | Noticed qw's ghost (novice GrBe)
  6712 | D:6      | 6712 ||| FLEEEEING.
  6713 | D:6      | 6713 ||| FLEEEEING.
  6714 | D:6      | 6714 ||| FLEEEEING.
  6715 | D:6      | 6715 ||| FLEEEEING.
  6716 | D:6      | 6716 ||| FLEEEEING.
  6717 | D:6      | 6717 ||| FLEEEEING.
  6718 | D:6      | 6718 ||| FLEEEEING.
  6719 | D:6      | 6719 ||| FLEEEEING.
  6720 | D:6      | 6720 ||| FLEEEEING.
  6721 | D:6      | 6721 ||| FLEEEEING.
  6722 | D:6      | 6722 ||| FLEEEEING.
  6723 | D:6      | 6723 ||| FLEEEEING.
  6725 | D:6      | 6725 ||| FLEEEEING.
  6726 | D:6      | 6726 ||| FLEEEEING.
  6727 | D:6      | 6727 ||| FLEEEEING.
  6728 | D:6      | 6728 ||| FLEEEEING.
  6729 | D:6      | 6729 ||| FLEEEEING.
  6730 | D:6      | 6730 ||| FLEEEEING.
  6731 | D:6      | 6731 ||| FLEEEEING.
  6732 | D:6      | 6732 ||| FLEEEEING.
  6733 | D:6      | 6733 ||| FLEEEEING.
  6734 | D:6      | 6734 ||| FLEEEEING.
  6735 | D:6      | 6735 ||| FLEEEEING.
  6736 | D:6      | 6736 ||| FLEEEEING.
  6737 | D:6      | 6737 ||| FLEEEEING.
  6738 | D:6      | 6738 ||| FLEEEEING.
  6739 | D:6      | 6739 ||| FLEEEEING.
  6740 | D:6      | 6740 ||| FLEEEEING.
  6741 | D:6      | 6741 ||| FLEEEEING.
  6742 | D:6      | 6742 ||| FLEEEEING.
  6743 | D:6      | 6743 ||| FLEEEEING.
  6744 | D:6      | 6744 ||| FLEEEEING.
  6745 | D:6      | 6745 ||| FLEEEEING.
  6746 | D:6      | 6746 ||| FLEEEEING.
  6747 | D:6      | 6747 ||| FLEEEEING.
  6748 | D:6      | 6748 ||| FLEEEEING.
  6749 | D:6      | 6749 ||| FLEEEEING.
  6750 | D:6      | 6750 ||| FLEEEEING.
  6751 | D:6      | 6751 ||| FLEEEEING.
  6752 | D:6      | 6752 ||| FLEEEEING.
  6753 | D:6      | 6753 ||| FLEEEEING.
  6754 | D:6      | 6754 ||| FLEEEEING.
  6755 | D:6      | 6755 ||| FLEEEEING.
  6756 | D:6      | 6756 ||| FLEEEEING.
  6757 | D:6      | 6757 ||| FLEEEEING.
  6758 | D:6      | 6758 ||| FLEEEEING.
  6759 | D:6      | 6759 ||| FLEEEEING.
  6760 | D:6      | 6760 ||| FLEEEEING.
  6761 | D:6      | 6761 ||| FLEEEEING.
  6762 | D:6      | 6762 ||| FLEEEEING.
  6763 | D:6      | 6763 ||| STAIRDANCE
  6826 | D:5      | 6826 ||| READING scroll labelled ELUXUMMOMM.
  6829 | D:5      | 6829 ||| READING 3 scrolls labelled HEHERCH RIUSHRU.
  6830 | D:5      | 6830 ||| READING 3 scrolls of identify.
  6830 | D:5      | 6830 ||| IDENTIFYING red potion
  6831 | D:5      | 6831 ||| READING 2 scrolls of identify.
  6831 | D:5      | 6831 ||| IDENTIFYING murky blue potion
  6832 | D:5      | 6832 ||| DROPPING 2 scrolls of noise.
  6833 | D:5      | 6833 ||| DROPPING potion of magic.
  7352 | D:6      | 7352 ||| UPGRADING to ring of poison resistance.
  7354 | D:6      | 7354 ||| UPGRADING to +4 ring of slaying {mikee}.
  7356 | D:6      | 7356 ||| READING 3 scrolls labelled YSURHI YFID.
  7357 | D:6      | 7357 ||| DROPPING 2 scrolls of fog.
  7466 | D:7      | Noticed Dowan
  7467 | D:7      | Noticed Maggie
  7467 | D:7      | Noticed Duvessa
  7469 | D:7      | Killed Dowan
  7470 | D:7      | Reached skill level 13 in Axes
  7475 | D:7      | Killed Duvessa
  7481 | D:7      | Killed Maggie
  7486 | D:7      | 7486 ||| FLEEEEING.
  7490 | D:7      | 7490 ||| STAIRDANCE
  7884 | D:7      | Found a runed translucent door.
  7885 | D:7      | Noticed Crazy Yiuf
  8388 | D:7      | 8388 ||| READING 2 scrolls of identify.
  8388 | D:7      | 8388 ||| IDENTIFYING black potion
  8427 | D:8      | 8427 ||| Stepping ~*~*~tactically~*~*~ (stealth).
  8429 | D:8      | 8429 ||| Stepping ~*~*~tactically~*~*~ (hiding).
  8439 | D:8      | 8439 ||| Stepping ~*~*~tactically~*~*~ (stealth).
  8452 | D:8      | 8452 ||| DROPPING +0 flail.
  8526 | D:8      | Found a flagged portal.
  8576 | D:8      | 8576 ||| Stepping ~*~*~tactically~*~*~ (hiding).
  8590 | D:8      | Reached skill level 14 in Axes
  8726 | D:8      | Reached skill level 3 in Dodging
  8726 | D:8      | Reached XP level 10. HP: 67/90 MP: 9/9
  8737 | D:8      | 8737 ||| FLEEEEING.
  8738 | D:8      | 8738 ||| FLEEEEING.
  8739 | D:8      | 8739 ||| FLEEEEING.
  8740 | D:8      | 8740 ||| FLEEEEING.
  8741 | D:8      | 8741 ||| FLEEEEING.
  8742 | D:8      | 8742 ||| FLEEEEING.
  8743 | D:8      | 8743 ||| FLEEEEING.
  8744 | D:8      | 8744 ||| FLEEEEING.
  8745 | D:8      | 8745 ||| FLEEEEING.
  8746 | D:8      | 8746 ||| FLEEEEING.
  8747 | D:8      | 8747 ||| FLEEEEING.
  8748 | D:8      | 8748 ||| FLEEEEING.
  8749 | D:8      | 8749 ||| FLEEEEING.
  8750 | D:8      | 8750 ||| FLEEEEING.
  8751 | D:8      | 8751 ||| FLEEEEING.
  8870 | D:8      | Found Vaolam's Changing Room.
  8881 | D:8      | 8881 ||| SHOPLISTING potion of mutation (104 gold, have
                  | 68).
  9105 | D:8      | 9105 ||| Stepping ~*~*~tactically~*~*~ (hiding).
  9412 | D:8      | 9412 ||| READING 2 scrolls of identify.
  9412 | D:8      | 9412 ||| IDENTIFYING dark potion
  9444 | D:9      | 9444 ||| STAIRDANCE
  9503 | D:9      | Found a staircase to the Orcish Mines.
  9519 | D:9      | HP: 18/90 [orc warrior/+4 glaive (7)]
  9520 | D:9      | 9520 ||| READING 2 scrolls of teleportation.
  9521 | D:9      | 9521 ||| DRINKING 3 potions of heal wounds.
  9523 | D:9      | Reached skill level 15 in Axes
  9524 | D:9      | HP: 11/90 [orc warrior/+0 halberd (13)]
  9524 | D:9      | HP: 4/90 [gnoll sergeant/+5 vorpal trident (7)]
  9525 | D:9      | 9525 ||| DRINKING 2 potions of heal wounds.
  9888 | D:9      | 9888 ||| Stepping ~*~*~tactically~*~*~ (stealth).
  9946 | D:9      | 9946 ||| Stepping ~*~*~tactically~*~*~ (stealth).
  9947 | D:9      | 9947 ||| Stepping ~*~*~tactically~*~*~ (stealth).
  9948 | D:9      | 9948 ||| Stepping ~*~*~tactically~*~*~ (stealth).
 10072 | D:9      | Reached skill level 9 in Fighting
 10109 | D:9      | 10109 ||| Stepping ~*~*~tactically~*~*~ (hiding).
 10111 | D:9      | 10111 ||| Stepping ~*~*~tactically~*~*~ (hiding).
 10119 | D:9      | Reached skill level 6 in Armour
 10307 | D:9      | 10307 ||| Stepping ~*~*~tactically~*~*~ (stealth).
 10308 | D:9      | 10308 ||| Stepping ~*~*~tactically~*~*~ (stealth).
 10316 | D:9      | 10316 ||| FLEEEEING.
 10317 | D:9      | 10317 ||| FLEEEEING.
 10318 | D:9      | 10318 ||| FLEEEEING.
 10319 | D:9      | 10319 ||| STAIRDANCE
 10464 | D:8      | 10464 ||| READING 2 scrolls of identify.
 10464 | D:8      | 10464 ||| IDENTIFYING yellow potion
 10465 | D:8      | 10465 ||| DROPPING potion of lignification.
 10588 | D:9      | Found a staircase to the Lair.
 10813 | D:9      | Reached skill level 1 in Throwing
 10925 | D:9      | 10925 ||| DROPPING +2 ring mail of fire resistance.
 10926 | D:9      | 10926 ||| UPGRADING to +0 plate armour.
 10936 | D:9      | 10936 ||| DROPPING +0 chain mail.
 10937 | D:9      | 10937 ||| READING scroll of enchant armour.
 10937 | D:9      | 10937 ||| ENCHANTING +0 plate armour.
 10959 | D:10     | Entered Level 10 of the Dungeon
 10968 | D:10     | Noticed Josephine
 10982 | D:10     | Killed Josephine
 11066 | D:10     | 11066 ||| Stepping ~*~*~tactically~*~*~ (stealth).
 11083 | D:10     | Reached skill level 16 in Axes
 11339 | D:10     | 11339 ||| Stepping ~*~*~tactically~*~*~ (stealth).
 11351 | D:10     | Reached skill level 6 in Shields
 11351 | D:10     | Reached XP level 11. HP: 93/97 MP: 10/10
 11460 | D:10     | Noticed a two-headed ogre
 11466 | D:10     | Killed a two-headed ogre
 11678 | D:10     | 11678 ||| READING scroll of enchant weapon.
 11678 | D:10     | 11678 ||| ENCHANTING +2 war axe of venom.
 11863 | D:10     | Found a shimmering altar of Xom.
 11865 | D:10     | Found a sacrificial altar of Ru.
 11872 | D:10     | Became a worshipper of Ru the Awakened
 12044 | D:11     | 12044 ||| PLANNING GAUNTLET
 12114 | D:11     | Noticed a wolf spider
 12122 | D:11     | Killed a wolf spider
 12148 | D:11     | 12148 ||| FLEEEEING.
 12233 | D:11     | 12233 ||| FLEEEEING.
 12237 | D:11     | 12237 ||| STAIRDANCE
 12375 | D:11     | 12375 ||| Stepping ~*~*~tactically~*~*~ (stealth).
 12445 | D:11     | 12445 ||| Stepping ~*~*~tactically~*~*~ (stealth).
 12446 | D:11     | 12446 ||| Stepping ~*~*~tactically~*~*~ (stealth).
 12615 | D:11     | Reached skill level 17 in Axes
 12616 | D:11     | Found a gate leading to a gauntlet.
 12645 | Gauntlet | Entered a Gauntlet
 12645 | Gauntlet | Found a transporter.
 12645 | Gauntlet | Found a transporter.
 12648 | Gauntlet | Noticed a two-headed ogre
 12651 | Gauntlet | Found a transporter.
 12655 | Gauntlet | a two-headed ogre changed into a snapping turtle
 12657 | Gauntlet | Noticed a sixfirhy
 12663 | Gauntlet | Found a transporter.
 12680 | Gauntlet | Noticed a catoblepas
 12681 | Gauntlet | Found a transporter.
 12681 | Gauntlet | Found a transporter.
 12681 | Gauntlet | Found a transporter.
 12683 | Gauntlet | Found a transporter.
 12683 | Gauntlet | Found a transporter.
 12690 | Gauntlet | Noticed a green death
 12695 | Gauntlet | Found a transporter.
 12696 | Gauntlet | 12696 ||| INVOKING Sacrifice Essence.
 12696 | Gauntlet | Gained mutation: You are slightly weak-willed. (Will-) [Ru
                  | sacrifice]
 12696 | Gauntlet | Reached * piety under Ru
 12711 | Gauntlet | Noticed a catoblepas
 12712 | Gauntlet | Found a transporter.
 12722 | Gauntlet | Found a transporter.
 12727 | Gauntlet | Found a transporter.
 12769 | Gauntlet | Found a transporter.
 12807 | Gauntlet | Killed a sixfirhy
 12808 | Gauntlet | Reached skill level 9 in Armour
 12862 | Gauntlet | Noticed an anaconda
 12865 | Gauntlet | an anaconda changed into a snapping turtle
 12868 | Gauntlet | 12868 ||| Stepping randomly (stuck).
 12869 | Gauntlet | 12869 ||| Stepping randomly (stuck).
 12870 | Gauntlet | 12870 ||| Stepping randomly (stuck).
 12871 | Gauntlet | 12871 ||| Stepping randomly (stuck).
 12872 | Gauntlet | 12872 ||| Stepping randomly (stuck).
 12873 | Gauntlet | 12873 ||| Stepping randomly (stuck).
 12874 | Gauntlet | 12874 ||| Stepping randomly (stuck).
 12893 | Gauntlet | 12893 ||| Stepping ~*~*~tactically~*~*~ (cloud).
 12896 | Gauntlet | 12896 ||| Stepping ~*~*~tactically~*~*~ (cloud).
 12897 | Gauntlet | 12897 ||| Stepping ~*~*~tactically~*~*~ (cloud).
 12902 | Gauntlet | Killed a catoblepas
 12908 | Gauntlet | HP: 24/99 [gargoyle/+0 morningstar (2)]
 12909 | Gauntlet | 12909 ||| DRINKING 3 potions of heal wounds.
 13108 | Gauntlet | 13108 ||| DROPPING +1 flail of protection.
 13123 | Gauntlet | 13123 ||| DROPPING orb of mayhem.
 13131 | Gauntlet | 13131 ||| Stepping ~*~*~tactically~*~*~ (hiding).
 13140 | Gauntlet | 13140 ||| Stepping ~*~*~tactically~*~*~ (cloud).
 13141 | Gauntlet | 13141 ||| Stepping ~*~*~tactically~*~*~ (cloud).
 13142 | Gauntlet | HP: 20/100 [gargoyle/stone arrow (10)]
 13143 | Gauntlet | 13143 ||| DRINKING 3 potions of heal wounds.
 13144 | Gauntlet | Killed a catoblepas
 13147 | Gauntlet | HP: 11/101 [gargoyle/stone arrow (18)]
 13148 | Gauntlet | 13148 ||| DRINKING 2 potions of heal wounds.
 13149 | Gauntlet | 13149 ||| DRINKING potion of heal wounds.
 13154 | Gauntlet | HP: 24/98 [gargoyle/+1 morningstar of draining (7)]
 13156 | Gauntlet | HP: 11/95 [gargoyle/stone arrow (7)]
 13492 | Gauntlet | 13492 ||| DROPPING +0 morningstar.
 13501 | Gauntlet | 13501 ||| UPGRADING to +1 cloak of willpower.
 13527 | Gauntlet | Found the +3 robe of Clouds {*Thunder rCloud rElec}
 13527 | Gauntlet | Noticed a minotaur
 13539 | Gauntlet | HP: 20/98 [minotaur/+4 dire flail of holy wrath (15)]
 13539 | Gauntlet | HP: 9/98 [minotaur/+4 dire flail of holy wrath (11)]
 13540 | Gauntlet | Mangled by a minotaur

Levels and vault maps discovered:
D:1:      minmay_arrival_radiant_lines, layout_loops_ring
D:2:      layout_basic, basic_altar, kennysheep_flooded_box, st_stairs_13,
          kennysheep_generic_room_10, uniq_jessica, uniq_natasha
D:3:      layout_loops_corners, shapermc_ecumenical_altar_venn, feat_on_display,
          uniq_ijyb
D:4:      layout_gridville, minmay_temple_entry_drinking_statues, uniq_pikel,
          uniq_sigmund
D:5:      layout_basic, serial_shops, shop, kennysheep_generic_room_13,
          uniq_eustachio
D:6:      layout_basic, serial_shops, shop, gammafunk_ghost_arena
D:7:      layout_basic, uniq_crazy_yiuf_cottage, uniq_duvessa, uniq_maggie
D:8:      layout_basic, enter_bailey_3, nicolae_transmutations_shop
D:9:      layout_rooms, dpeg_oklobed_lair,
          kennysheep_orc_monster_closet_entryway, roderic_serpentine_path
D:10:     layout_basic, amethyst_overflow_temple_binary, uniq_josephine
D:11:     layout_irregular_city, gauntlet_entry_generic,
          minmay_fractal_squares_gapless_7
Temple:   nicolae_temple_slightly_damp_pantheon
Gauntlet: gammafunk_gauntlet_mixed_choke_point
          [minmay_gauntlet_arena_77_tiled_triplets,
          minmay_gauntlet_arena_77_hold_the_fort,
          minmay_gauntlet_arena_77_braids, nicolae_gauntlet_arena_quarters,
          minmay_gauntlet_arena_77_chump_sandwich,
          minmay_gauntlet_arena_77_p_blocks, minmay_gauntlet_arena_77_museum,
          gauntlet_exit_green]

Skill      XL: |  1  2  3  4  5  6  7  8  9 10 11 |
---------------+----------------------------------+-----
Axes           | 3 4 5 7 10 12 14 16 17 | 17.0
Dodging        | 1 2 3 |  3.7
Fighting       | 4 5 7 8 9 11 | 11.0
Armour         | 4 5 7 9 |  9.0
Shields        | 4 5 6 7 |  7.1
Throwing       | 1 |  1.4

Action                   |  1- 3 |  4- 6 |  7- 9 | 10-12 || total
-------------------------+-------+-------+-------+-------++-------
Melee: War axe           |    47 |   110 |   206 |   278 ||   641
       Headbutt          |     4 |    17 |    32 |    68 ||   121
Throw: Boomerang         |       |       |       |     3 ||     3
Invok: Sacrifice Essence |       |       |       |     1 ||     1
  Use: Scroll            |     2 |     3 |    17 |     5 ||    27
       Potion            |       |       |     3 |     6 ||     9
Armor: Scale mail        |    15 |    10 |       |       ||    25
       Ring mail         |       |    10 |       |       ||    10
       Chain mail        |       |    22 |    99 |    52 ||   173
       Plate armour      |       |       |       |    78 ||    78
Dodge: Dodged            |    17 |    38 |    41 |    74 ||   170
Block: Buckler           |    11 |    16 |    37 |    40 ||   104

Table legend:
 A = Non-vault XP
 B = Vault XP
 C = Vault XP percentage of total XP
 D = Non-vault monster count
 E = Vault monster count
 F = Vault count percentage of total count
                 A         B        C        D         E       F
            +---------+---------+-------+---------+---------+-------
      Total |    9769 |   10084 |  50.8 |     203 |      57 |  21.9
            +---------+---------+-------+---------+---------+-------
        D:1 |      29 |       0 |   0.0 |      14 |       0 |   0.0
        D:2 |     110 |      92 |  45.5 |      18 |       5 |  21.7
        D:3 |      60 |      36 |  37.5 |      24 |       1 |   4.0
        D:4 |     750 |     852 |  53.2 |      27 |       2 |   6.9
        D:5 |     647 |     196 |  23.3 |      17 |       1 |   5.6
        D:6 |     772 |       0 |   0.0 |      22 |       0 |   0.0
        D:7 |     587 |     601 |  50.6 |      15 |       3 |  16.7
        D:8 |    1496 |       8 |   0.5 |      28 |       4 |  12.5
        D:9 |    1055 |    1349 |  56.1 |      11 |      20 |  64.5
       D:10 |    2714 |    1736 |  39.0 |      17 |       5 |  22.7
       D:11 |    1549 |    1588 |  50.6 |      10 |       6 |  37.5
   Gauntlet |       0 |    3626 | 100.0 |       0 |      10 | 100.0
            +---------+---------+-------+---------+---------+-------
